Cogmind - Beta 12 @@@ ROGUE MODE // 2023.04.28 @ 22:41:21 Player: Dytto Result: Self-destructed Performance ------------- Evolutions (1) 500 Regions Visited (2) 400 Robots Destroyed (4) 20 Value Destroyed (172) 172 Prototype IDs (4) 80 Alien Tech Used (0) 0 Bonus (0) 0 TOTAL SCORE: 1172 Bonus ------- None Cogmind --------- Core Integrity 332/400 Matter 247/300 Energy 240/250 System Corruption 6% Temperature Cool (0) Movement Walking (120) Location -9/Materials Parts ------- > --- POWER (2) -------- Ion Engine > --- PROPULSION (2) --- Aluminum Leg Aluminum Leg > --- UTILITY (3) ------ Targeting Computer > --- WEAPON (2) ------- Light Cannon Hammer > --- INVENTORY (5) ---- Aluminum Leg Aluminum Leg Medium Armor Plating Medium Laser Light Assault Rifle Peak State ------------ > --- POWER ------------ Ion Engine > --- PROPULSION ------- Aluminum Leg Aluminum Leg > --- UTILITY ---------- Seismic Detector Targeting Computer Medium Armor Plating > --- WEAPON ----------- Light Cannon Hammer > --- INVENTORY -------- Aluminum Leg Aluminum Leg Medium Laser Light Assault Rifle [Rating: 9] Favorites ----------- Power Light Ion Engine Engine Light Ion Engine Propulsion Aluminum Leg Leg Aluminum Leg Utility Targeting Computer Device Seismic Detector Processor Targeting Computer Protection Hardened Light Armor Plating Weapon Hammer Energy Gun Small Laser Ballistic Cannon Light Cannon Impact Weapon Hammer Build | -11 -10 -9 ------- Run | Jun Mat Mat Slots Evolved 2 | . . 2 Power 1 | . . 1 Propulsion . | . . . Utility 1 | . . 1 Weapon . | . . . Parts Attached 14 | 4 4 6 Power 2 | 1 1 . Engine 2 | 1 1 . Core . | . . . Reactor . | . . . Propulsion 4 | 2 . 2 Treads . | . . . Leg 4 | 2 . 2 Wheel . | . . . Hover . | . . . Flight . | . . . Utility 4 | . 1 3 Device 1 | . . 1 Storage . | . . . Processor 1 | . 1 . Hackware . | . . . Protection 2 | . . 2 Artifact . | . . . Weapon 4 | 1 2 1 Energy Gun 2 | 1 1 . Energy Cannon . | . . . Ballistic Gun . | . . . Ballistic Cannon 1 | . . 1 Launcher . | . . . Special Weapon . | . . . Impact Weapon 1 | . 1 . Slashing Weapon . | . . . Piercing Weapon . | . . . Special Melee Weapon . | . . . Unidentified Prototypes . | . . . Corrupted Parts 2 | . . 2 System Corruption 6 | . . 6 Parts Lost 1 | . 1 . Power 1 | . 1 . Propulsion . | . . . Utility . | . . . Weapon . | . . . Highest Loss Streak 1 | . 1 . To Critical Strikes . | . . . Average Slot Usage (%) 70 | . 68 73 Engine 12 | . 13 11 Leg 25 | . 28 22 Device 1 | . . 4 Processor 4 | . . 11 Protection 1 | . . 3 Energy Gun 8 | . 14 . Ballistic Cannon 4 | . . 11 Impact Weapon 11 | . 12 11 Naked Turns . | . . . Heaviest Build 18 | 4 9 18 Greatest Support 20 | 20 20 20 Greatest Overweight (x) . | . . . Average Overweight (x) . | . . . Largest Inventory Capacity 5 | 5 5 5 Average Capacity 5 | 5 5 5 Most Carried 5 | 3 4 5 Average Carried 2 | 1 2 4 Final Capacity 5 | 5 5 5 Final Carried 5 | 2 4 5 Class Distribution -------------------- 100% | Mutant Dominant Class ---------------- Mutant | -10/Materials Mutant | -9/Materials Resources | -11 -10 -9 ----------- Run | Jun Mat Mat Matter Collected 302 | 233 32 37 Remotely . | . . . Salvage Created 131 | . 73 58 Parts 6 | . 4 2 Haulers Intercepted . | . . . Recyclers Shooed . | . . . Parts Field Recycled . | . . . Retrieved Matter . | . . . Parts Self-Destructed . | . . . Prevented . | . . . Kills | -11 -10 -9 ------- Run | Jun Mat Mat Combat Hostiles Destroyed 4 | . 2 2 Melee 2 | . 1 1 Cannons 1 | . . 1 Classes Destroyed 1 | . 1 . Grunt 4 | . 2 2 Best Kill Streak 2 | . 2 2 Combat Bots Only 2 | . 2 2 Max Kills in Single Turn 1 | . 1 1 Gunslinging . | . . . Exploded . | . . . Melee 1 | . 1 1 Uniques/NPCs Destroyed . | . . . Combat | -11 -10 -9 -------- Run | Jun Mat Mat Damage Taken 561 | . 167 394 Core 101 | . 33 68 Absorbed by Shields . | . . . Core Remaining (%) 93 | 100 86 . Volleys Fired 10 | . 5 5 Largest 1 | . 1 1 Hottest 40 | . 40 35 Shots Fired 10 | . 5 5 Gun 5 | . 5 . Cannon 5 | . . 5 Launcher . | . . . Special . | . . . Kinetic 5 | . . 5 Thermal 5 | . 5 . Explosive . | . . . Electromagnetic . | . . . Robot Hit Streak 2 | . . 2 Robot Miss Streak 5 | . 5 1 Penetration Max . | . . . Secondary Targets . | . . . Shots Hit Robots 13 | . 2 11 Core Hits 4 | . 1 3 Critical Kills . | . . . Critical Parts Destroyed 1 | . 1 . Critical Strikes 1 | . 1 . Smash 1 | . 1 . Melee Attacks 14 | . 2 12 Impact 14 | . 2 12 Slashing . | . . . Piercing . | . . . Sneak Attacks . | . . . Combat Hostiles . | . . . Follow-up Attacks . | . . . Damage Inflicted 338 | . 72 266 Guns 21 | . 21 . Cannons 74 | . . 74 Explosions . | . . . Melee 243 | . 51 192 Ramming . | . . . Kinetic 74 | . . 74 Thermal 21 | . 21 . Explosive . | . . . Electromagnetic . | . . . Impact 243 | . 51 192 Slashing . | . . . Piercing . | . . . Highest Corruption 6 | . . 6 Average Corruption 5 | . . 5 Corruption Purged . | . . . Corruption Blocked . | . . . Overload Shots . | . . . Overflow Damage 26 | . 22 4 Projectiles . | . . . Explosions . | . . . Melee 26 | . 22 4 Knockbacks 4 | . 1 3 Impact 3 | . 1 2 Kinetic 1 | . . 1 Secondary . | . . . Self-Inflicted Damage . | . . . Shots . | . . . Rammed . | . . . Targets Rammed . | . . . Kicked . | . . . Crushed . | . . . Highest Temperature 18 | . 18 18 Average Temperature 12 | . 12 13 Received Heat Transfer 321 | . 99 222 Siege Activations . | . . . Robots Corrupted . | . . . Combat Hostiles . | . . . Parts Fried . | . . . Impact Corruptions 2 | . 1 1 Robots Melted . | . . . Combat Hostiles . | . . . Parts Melted . | . . . Heat Transferred 50 | . 50 . Parts Sabotaged . | . . . Parts Stolen . | . . . Parts Stripped . | . . . Power Chain Reactions . | . . . Missiles Intercepted . | . . . Alert | -11 -10 -9 ------- Run | Jun Mat Mat Peak Influence 70 | . 70 65 Initial 29 | . . 29 Average 20 | . 16 30 Maximum Alert Level . | . . . Low Security (%) 100 | 100 100 100 Level 1 . | . . . Level 2 . | . . . Level 3 . | . . . Level 4 . | . . . Level 5 . | . . . High Security . | . . . Max Security . | . . . Squads Dispatched 1 | . 1 . Investigation 1 | . 1 . Extermination . | . . . Reinforcement . | . . . Assault . | . . . Garrison . | . . . Intercept . | . . . Searches Triggered . | . . . Construction Impeded . | . . . Haulers Reinforced . | . . . Active Scanning Responses . | . . . Cargo Convoy Interrupts . | . . . Stealth | -11 -10 -9 --------- Run | Jun Mat Mat Distress Signals 1 | . . 1 Communications Jammed . | . . . Distress Signals . | . . . Times Spotted 8 | . 5 3 Peak Tracking Total 3 | . 3 3 Tactical Retreats . | . . . Traps | -11 -10 -9 ------- Run | Jun Mat Mat Traps Triggered 1 | . 1 . Indirectly . | . . . Trap Hack Attempts . | . . . Triggered . | . . . Disarmed . | . . . Reprogrammed . | . . . Reused . | . . . Traps Extracted . | . . . Installed . | . . . Triggered . | . . . Machines | -11 -10 -9 ---------- Run | Jun Mat Mat Machines Disabled 1 | . . 1 Max in Single Turn 1 | . . 1 Machines Repaired . | . . . Machines Sabotaged . | . . . Overloaded Fab Kills . | . . . Hacking | -11 -10 -9 --------- Run | Jun Mat Mat Machines Accessed 5 | . 2 3 Terminals 4 | . 2 2 Fabricators . | . . . Repair Stations 1 | . . 1 Recycling Units . | . . . Scanalyzers . | . . . Garrison Access . | . . . Total Hacks 20 | . 9 11 Successful 10 | . 6 4 Failed 10 | . 3 7 Catastrophic 1 | . 1 . Database Lockouts . | . . . Manual 4 | . 3 1 Terminals 16 | . 9 7 Fabricators . | . . . Repair Stations 4 | . . 4 Recycling Units . | . . . Scanalyzers . | . . . Garrison Access . | . . . Terminal Hacks 9 | . 6 3 Prototype ID Bank 2 | . 1 1 Emergency Access Points 2 | . 1 1 Dispatch Records 2 | . 1 1 Surveillance Status 1 | . 1 . Patrol Status 1 | . 1 . Zone Layout 1 | . 1 . Fabricator Hacks . | . . . Repair Station Hacks 1 | . . 1 Scan Component 1 | . . 1 Recycling Unit Hacks . | . . . Scanalyzer . | . . . Garrison Access Hacks . | . . . Unauthorized Hacks . | . . . Terminals . | . . . Fabricators . | . . . Repair Stations . | . . . Recycling Units . | . . . Scanalyzers . | . . . Garrison Access . | . . . Data Cores Recovered . | . . . Used . | . . . Hacking Detections 5 | . 2 3 Full Trace Events . | . . . Feedback Events . | . . . Feedback Blocked . | . . . Robot Schematics Acquired . | . . . Robots Built . | . . . Authchips . | . . . Time . | . . . Total Robot Build Rating . | . . . Part Schematics Acquired . | . . . Parts Built . | . . . Authchips . | . . . Time . | . . . Total Part Build Rating . | . . . Parts Repaired . | . . . Time . | . . . Parts Recycled . | . . . Recycled Matter . | . . . Retrieved Matter . | . . . Retrieved Components . | . . . Parts Scanalyzed . | . . . Part Schematics Acquired . | . . . Parts Damaged . | . . . Bothacking | -11 -10 -9 ------------ Run | Jun Mat Mat Used RIF Installer . | . . . Robots Hacked . | . . . Non-combat . | . . . Combat . | . . . Robot Hacks Applied . | . . . Relay Couplers Released . | . . . Fabnet Peak Effective % . | . . . Robots Rewired . | . . . Allies Hacked . | . . . Hacks Repelled . | . . . Allies | -11 -10 -9 -------- Run | Jun Mat Mat Total Allies . | . . . Largest Group . | . . . Highest-Rated Group . | . . . Highest-Rated Ally . | . . . Total Orders . | . . . Ally Attacks . | . . . Total Damage . | . . . Kills . | . . . Allies Corrupted . | . . . Allies Melted . | . . . Intel | -11 -10 -9 ------- Run | Jun Mat Mat Robot Analysis Total . | . . . Derelict Logs Recovered . | . . . Drone Launches . | . . . Drone Recoveries . | . . . Exploration | -11 -10 -9 ------------- Run | Jun Mat Mat Turns Passed 1286 | 66 767 453 Spaces Moved 614 | 49 285 280 Core 2 | 2 . . Treads . | . . . Legs 612 | 47 285 280 Wheels . | . . . Hover . | . . . Flight . | . . . Fastest Speed 50 | 50 120 120 Average Speed 119 | 117 120 120 Slowest Speed 120 | 120 120 120 Overloaded Moves . | . . . Propulsion Burnouts . | . . . Robots Hopped . | . . . Cave-ins Triggered . | . . . Exploration Rate (%) 20 | 3 46 11 Regions Visited 2 Branch Regions . Pre-discovered Areas . | . . . Known Exits Taken . | . . . Unknown Exits Taken 2 | 1 1 . Scrap Searched . | . . . Spaces Dug . | . . . Terrain Destroyed . | . . . Melee . | . . . Projectile . | . . . AOE . | . . . Terrain Rammed . | . . . Walls Destroyed . | . . . Machines Disabled . | . . . Actions | -11 -10 -9 --------- Run | Jun Mat Mat Total 1126 | 56 701 369 Wait 462 | . 399 63 Move 612 | 48 284 280 Hop . | . . . Pick Up 7 | 3 4 . Fast Attach 10 | 4 3 3 Attach 1 | . 1 . Detach 2 | . 1 1 Swap 3 | . . 3 Drop 5 | 1 2 2 Fire 10 | . 5 5 Melee 14 | . 2 12 Ram . | . . . Kick . | . . . Crush . | . . . Escape Stasis . | . . . Rewire . | . . . Trap . | . . . Miscellaneous . | . . . Route ------- -11/Junkyard -10/Materials (discovered 2 exits: *Mat / [*Min]) -9/Materials History --------- Turn | Location | Event 5 | -11/Junkyard | Discovered new exit (range 15) 67 | -11/Junkyard | Entered Materials 312 | -10/Materials | Build established: Mutant 641 | -10/Materials | Discovered new exit (range 12) 753 | -10/Materials | Discovered new exit (range 15) 834 | -10/Materials | Entered another Materials area 834 | -9/Materials | Evolved 2 slots: Power x1, Utility x1 1287 | -9/Materials | Self-destructed Last Messages --------------- 01177_ T-07 Excavator is excavating. 01187_ Acquired Hrd. Light Armor Plating. 01208_ W-16 Scout sends out distress signal. 01229_ G-34 Mercenary knocked back. 01252_ Destroyed Ion Engine. 01252_ G-34 Mercenary system corrupted by crushing effect. 01257_ G-47 Trooper knocked back. 01270_ Acquired 4 matter. 01271_ G-47 Trooper destroyed. 01272_ Acquired 33 matter. 01274_ G-34 Mercenary destroyed. 01274_ R-06 Scavenger collects Corrupted Aluminum Leg. 01277_ Dropped Corrupted Aluminum Leg. 01278_ Integrated Corrupted Aluminum Leg (+5). 01278_ Complication: Hrd. Light Armor Plating rejected. 01278_ Complication: Seismic Detector rejected. 01278_ R-06 Scavenger collects Seismic Detector. 01281_ R-06 Scavenger collects Corrupted Aluminum Leg. 01284_ R-06 Scavenger collects Hrd. Light Armor Plating. 01285_ Integrated Corrupted Aluminum Leg (+1). Map ----- +----------------------------------------------------+ | ??????????????????????????????? | | ??????????????????????????????? | | ??????????????????????????????? | | ??????????????????????????????? | | ??????????????????????????????? | | ??????????????????????????????? | | ??????????????????????????????? | | ??????????????????????????????? | | ????????????????????##????????? | | ???????????????????? ????????? | | ???????????????????? ????????? | | ???????????????????? #???????? | | ???????????????????? #???????? | | ????????????????????/ #???????? | | ???????????????????? #???????? | | ????????????????????#+#???????? | | ????????????????????# #???????? | | ????????????????????# #???????? | | ????????????????????# #???????? | | ????????????????????# #???????? | | ????????????????????# #???????? | | ????????????????????# ########? | | ###+#???????????????# # #? | | #???????????????# # #? | | " ################# # r #? | | T # ^ + @" #? | | " # ^ # """ #? | | #" ^ """ """ #%""" #? | | """ #T """ """ ########? | | """ #" """ """ #???????? | | """ + ###?????? | | # ! #??? | | # ##############??? | | ###########???????????????? | | #?????????????????????????? | | #####?????????????????????????? | | | | | | | | | | | | | | | | | | | | | | | | | | | | | +----------------------------------------------------+ Best States ------------- Heat Dissipation 28 Energy Generation 10 Energy Capacity 250 Matter Stores 300 Matter Capacity 300 Sight Range 16 Terrain Scan Density 10 Armor Coverage 225 Evasion (%) 55 Targeting Accuracy 5 Item Schematics ----------------- None Robot Schematics ------------------ None Fabricated ------------ Nothing Alien Tech Used ----------------- None Achievements -------------- None Challenges ------------ None Game ------ Seed TargetingCryofiberReplicator Manual? 0 Play Time 00:10:14 Cumulative 23.3 hours Start 2023.04.28 @ 22:27:41 End 2023.04.28 @ 22:41:21 Sessions 1 Manual Loads 0 Difficulty Rogue Special Mode None Game No. 86 Rogue 50 Adventurer 36 Explorer 0 Win Type - Total 0 Types 0/0/0/0/0/0/0/0/0 Lore% 19 Gallery% 23 Achievement% 17 Wizard Run 0 Options --------- ASCII 0 Keyboard 1 Movement Numpad Keybinds 0 Fullscreen 2 Font 18/X11Bold Map View 76x50 Tactical HUD 1 Map Filters NONE Filters NONE Steam 1 RUN: 5faffb49-644d-4097-92dc-de48ec1d5e5f